 Dungeon Crawl Stone Soup version 0.19.1 (webtiles) character file.

235 lorenzova the Conjurer (level 5, -3/28 HPs)
             Began as a Deep Elf Conjurer on Dec 11, 2016.
             Killed by divine providence
             ... invoked by an orc priest
              (14 damage)
             ... on level 3 of the Dungeon.
             The game lasted 00:07:54 (3529 turns).

lorenzova the Conjurer (Deep Elf Conjurer)          Turns: 3529, Time: 00:07:55

Health: -3/28      AC:  8    Str:  5    XL:     5   Next: 76%
Magic:  3/15       EV: 13    Int: 21    God:
Gold:   114        SH:  0    Dex: 15    Spells: 2 memorised, 11 levels left

rFire  . . .     SeeInvis .     g - +0 short sword
rCold  . . .     Gourm    .     a - +0 robe
rNeg   . . .     Faith    .     (no shield)
rPois  .         Spirit   .     (no helmet)
rElec  .         Reflect  .     t - +0 cloak (curse)
rCorr  .         Harm     .     (no gloves)
MR     .....                    w - +0 pair of boots
Stlth  ++........               (no amulet)
                                (no ring)
                                r - +4 ring of protection (curse)

@: no status effects
A: no striking features
a: no special abilities


You were on level 3 of the Dungeon.
You were very hungry.

You visited 1 branch of the dungeon, and saw 4 of its levels.

You collected 114 gold pieces.

Inventory:

Hand Weapons
 g - a +0 short sword (weapon)
Armour
 a - a +0 robe (worn)
 t - a cursed +0 cloak (worn)
 w - a +0 pair of boots (worn)
Jewellery
 r - a cursed +4 ring of protection (left hand)
Scrolls
 d - 2 scrolls of blinking {unknown}
 h - 2 scrolls of recharging {unknown}
 i - 2 scrolls of teleportation {unknown}
 k - a scroll of remove curse {unknown}
 m - 3 scrolls of identify {unknown}
 p - a scroll of random uselessness {unknown}
 q - a scroll of magic mapping {unknown}
 v - a scroll of enchant armour {unknown}
Potions
 e - 2 potions of degeneration {unknown}
 f - a potion of flight {unknown}
 j - a potion of invisibility {unknown}
 l - 2 potions of curing {unknown}
 o - a potion of haste {unknown}
 s - a potion of cure mutation {unknown}
 u - a potion of cancellation {unknown}
 x - a potion of ambrosia {unknown}
Books
 b - a book of Conjurations

   Spells                             Type                      Level
   a - Magic Dart                     Conjuration                  1
   b - Searing Ray                    Conjuration                  2
   c - Dazzling Spray                 Conjuration/Hexes            3
   d - Fulminant Prism                Conjuration/Hexes            4
   e - Iskenderun's Mystic Blast      Conjuration                  4
   f - Iskenderun's Battlesphere      Conjuration/Charms           5
Comestibles
 c - 5 bread rations
 n - a meat ration
 z - a beef jerky


   Skills:
 - Level 2.4 Dodging
 - Level 2.4 Stealth
 + Level 6.2 Spellcasting
 + Level 6.2 Conjurations


You had 11 spell levels left.
You knew the following spells:

 Your Spells              Type           Power        Failure   Level  Hunger
a - Magic Dart            Conj           ####         1%          1    None
c - Iskenderun's Mystic   Conj           ####....     10%         4    ###....


Dungeon Overview and Level Annotations

Branches:
Dungeon (4/15)
 Temple: D:4-7

Altars:
Elyvilon
Nemelex Xobeh
Ru
The Shining One

Annotations:
D:4 Blork the orc, Grinder


Message History

The orc priest is heavily wounded.
The orc priest shouts!
Casting: Magic Dart
Confirm with . or Enter, or press ? or * to list all spells.
Aiming: Magic Dart
Press: ? - help, Shift-Dir - straight line, f/p - orc priest
Aim: an orc priest, wielding a club (heavily wounded)
The magic dart hits the orc priest.
The orc priest is almost dead.
Casting: Magic Dart
Confirm with . or Enter, or press ? or * to list all spells.
Aiming: Magic Dart
Press: ? - help, Shift-Dir - straight line, f/p - orc priest
Aim: an orc priest, wielding a club (almost dead)
The magic dart hits the orc priest.
The orc priest is almost dead.
The orc priest mumbles some strange prayers to Beogh against you.
Beogh smites you!
Ouch! That really hurt!
You die...

######.######################....
...........................##.##.
.......###################.##.##.
####...# #.##.##. # #...#
#.##.##.
####...###################.##.##.
...........)...............##.##.
####.......#############.#......)
...........)....@.>#####.#.####.#
###...............#)#............
# #....###........#........######
###..........8....#)####.### #.#
............8.8.o.#.# #.#.# #.#
###........8._.8..#.####.#.###.#
####..##.#..8.8................#
.......#.#...8.)†.#.####...###.##
####..##.#........#.............#


You could see an orc priest.

Vanquished Creatures
  A phantom (D:3)
  An iguana (D:4)
  An orc wizard (D:3)
  An adder (D:3)
  An ooze (D:1)
  4 worms
  A dart slug (D:1)
  3 leopard geckos
  4 orcs (D:3)
  A ball python (D:3)
  5 giant cockroaches
  7 goblins
  8 hobgoblins
  7 kobolds
  2 quokkas
  9 bats
  12 rats
68 creatures vanquished.

Vanquished Creatures (others)
  A quokka (D:3)
1 creature vanquished.

Grand Total: 69 creatures vanquished

Notes
Turn   | Place    | Note
-------+----------+-------------------------------------------
     0 | D:1      | lorenzova the Deep Elf Conjurer began the quest for the Orb.
     0 | D:1      | Reached XP level 1. HP: 10/10 MP: 6/6
   138 | D:1      | Reached XP level 2. HP: 15/15 MP: 3/8
   499 | D:1      | Reached skill level 5 in Conjurations
   527 | D:1      | Reached XP level 3. HP: 19/19 MP: 8/10
   790 | D:2      | Found a sacrificial altar of Ru.
  1139 | D:2      | Found a glowing golden altar of the Shining One.
  1480 | D:3      | Reached XP level 4. HP: 16/24 MP: 2/12
  1584 | D:3      | Learned a level 4 spell: Iskenderun's Mystic Blast
  1655 | D:3      | Noticed a phantom
  1670 | D:3      | Found a faded altar of an unknown god.
  1760 | D:3      | Killed a phantom
  1760 | D:3      | Reached skill level 5 in Spellcasting
  1760 | D:3      | Reached XP level 5. HP: 15/28 MP: 6/15
  2171 | D:3      | Found a white marble altar of Elyvilon.
  2362 | D:3      | Found a sparkling altar of Nemelex Xobeh.
  2854 | D:4      | Noticed Blork the orc
  3471 | D:4      | Noticed Grinder
  3529 | D:3      | Killed from afar by an orc priest

Skill      XL: |  1  2  3  4  5 |
---------------+----------------+-----
Spellcasting   | 4 5 6 |  6.2
Conjurations   | 5 6 |  6.2
Dodging        | |  2.4
Stealth        | |  2.4

Action                   |  1- 3 |  4- 6 || total
-------------------------+-------+-------++-------
 Cast: Magic Dart        |    86 |    77 ||   163
       Iskenderun's Myst |       |     4 ||     4
  Eat: Chunk             |     1 |     4 ||     5
       Royal jelly       |       |     1 ||     1
Armor: Robe              |     2 |     5 ||     7
Dodge: Dodged            |     5 |     5 ||    10
